 Dungeon Crawl Stone Soup version 0.32-a0-136-gc02482bde3 (webtiles) character file.

Game seed: 15223607435125764906

151 ragingrage the Charlatan (level 5, -2/40 HPs)
             Began as a Djinni Artificer on Feb 10, 2024.
             Was an Initiate of Ashenzari.
             Slain by a phantom (5 damage)
             ... on level 4 of the Dungeon.
             The game lasted 00:04:42 (3174 turns).

ragingrage the Charlatan (Djinni Artificer)         Turns: 3174, Time: 00:04:42

Health: -2/40      AC:  4    Str: 11    XL:     5   Next: 59%
Gold:   150        EV: 11    Int: 15    God:    Ashenzari [......] SH:  0 Dex: 13

rFire   + + .        h - +0 quarterstaff
rCold   x . .        (shield currently unavailable)
rNeg    . . .        b - +0 leather armour
rPois   ∞            (no helmet)
rElec   .            (no cloak)
rCorr   .            l - +0 pair of gloves
SInv    .            (boots unavailable)
Will    .....        (no amulet)
Stlth   ++           (no ring)
HPRegen 0.26/turn    (no ring)
MPRegen 0.00/turn

%: infuse magic (-3 HP)
@: flying
A: sickness immunity, fire resistance 2, cold vulnerability 1, float, innate
caster, HP casting, extra vitality 1
a: Renounce Religion


You were on level 4 of the Dungeon.
You worshipped Ashenzari.
Ashenzari was noncommittal.
You visited 2 branches of the dungeon, and saw 6 of its levels.

You collected 150 gold pieces.

Inventory:

Hand Weapons
 a - a +0 club
 h - a +0 quarterstaff (weapon)
 q - a +2 dagger of protection
Missiles
 j - 2 throwing nets
 p - 8 poisoned darts (quivered)
Armour
 b - a +0 leather armour (worn)
 l - a +0 pair of gloves (worn)
Wands
 c - a wand of flame (9)
 d - a wand of charming (13)
 e - a wand of iceblast (5)
 r - a wand of digging (6)
Scrolls
 f - a scroll of amnesia
 g - 2 scrolls of teleportation
 k - a scroll of identify {unknown}
 m - a scroll of brand weapon {unknown}
 o - 3 scrolls of butterflies {unknown}
 s - a scroll of enchant weapon {unknown}
 t - a scroll of torment {unknown}
 v - a scroll of poison {unknown}
Potions
 i - a potion of lignification {unknown}
 n - a potion of cancellation {unknown}
 u - a potion of curing {unknown}


   Skills:
 - Level 3.0 Fighting
 * Level 2.4 Staves
 - Level 1.0 Armour
 - Level 2.1 Dodging
 - Level 2.0 Stealth
 + Level 1.0 Spellcasting
 + Level 1.0 Conjurations
 + Level 1.0 Hexes
   Level 0.0 Charms
 + Level 1.0 Summonings
 + Level 1.0 Necromancy
 + Level 1.0 Translocations
   Level 0.0 Transmutations
 + Level 1.0 Fire Magic
 + Level 1.0 Ice Magic
 + Level 1.0 Air Magic
 + Level 1.0 Earth Magic
 + Level 1.0 Alchemy
 - Level 3.0 Evocations


You knew the following spells:

 Your Spells              Type           Power      Damage    Failure   Level
a - Slow                  Hex            12%        N/A       22%         1
b - Searing Ray           Conj           6%         2d4       32%         2
Your spell library was empty.

Dungeon Overview and Level Annotations

Branches:
Dungeon (5/15)             Temple (1/1) D:4

Altars:
Ashenzari
Cheibriados
Dithmenos
Elyvilon
Fedhas
Gozag
Hepliaklqana
Makhleb
Nemelex Xobeh
Okawaru
Qazlal
Ru
Trog
Uskayaw
Wu Jian
Xom
Yredelemnul
Zin
The Shining One

Shops:
D:2 (

Annotations:
D:1 exclusion: downstairs
D:2 exclusion: downstairs, Sigmund
D:3 Grinder, Pargi, Terence


Innate Abilities, Weirdness & Mutations

You are immune to sickness and miasma.
You are immune to poison.
Your flesh is very heat resistant. (rF++)
You are vulnerable to cold. (rC-)
You float through the air rather than walking.
You learn spells naturally, not from books.
Your magical power is your life essence.
You have superior vitality. (+4 MHP)


Message History

You barely miss the phantom. The phantom hits you.
The phantom blinks!
You blink.
You hit the phantom but do no damage. The phantom hits you.
The phantom blinks!
You blink.
You closely miss the phantom. The phantom hits you.
The phantom blinks!
You blink.
The phantom barely misses you.
You closely miss the phantom. The phantom hits you.
* * * LOW HITPOINT WARNING * * *
The phantom blinks!
You blink.
Aiming: Throw Flame
Press: ? - help, Shift-Dir - straight line, f - phantom
Aim: a phantom (60% to hit)
The puff of flame hits the phantom!
The phantom hits you.
* * * LOW HITPOINT WARNING * * *
Aiming: Throw Flame
Press: ? - help, Shift-Dir - straight line, f/p - phantom
Aim: a phantom (moderately damaged, 60% to hit)
The puff of flame hits the phantom but does no damage.
The phantom completely misses you.
Aiming: Throw Flame
Press: ? - help, Shift-Dir - straight line, f/p - phantom
Aim: a phantom (moderately damaged, 60% to hit)
The puff of flame hits the phantom.
The phantom hits you.
* * * LOW HITPOINT WARNING * * *
The phantom blinks!
You blink.
Aiming: Throw Flame
Press: ? - help, Shift-Dir - straight line, f/p - phantom
Aim: a phantom (heavily damaged, 60% to hit)
The puff of flame hits the phantom.
The phantom hits you.
* * * LOW HITPOINT WARNING * * *
The phantom blinks!
You blink.
Aiming: Throw Flame
Press: ? - help, Shift-Dir - straight line, f/p - phantom
Aim: a phantom (severely damaged, 60% to hit)
The puff of flame hits the phantom.
The phantom hits you.
You die...

#........# #.#.##.# ##.#######
###........####.#.##.###.........
..................##......#.#####
###.......................####
#########.....)#...........#
#....>.#.#.......#.#
#:..............##.#
#.....W####.###.##.#
#.....@.....######.###
#......###..##.......# #......#
#..##.####### ##########..##.#
#..W......##.# #.######..##.#
###### #.# #.###.# .....#
#.######.....# .....#
#.#........###


You could see a phantom.

Vanquished Creatures
  A bombardier beetle (D:3)
  A hound (D:4)
  2 gnolls (D:3)
  2 adders
  3 dart slugs
  An orc (D:4)
  2 bats (D:1)
  4 endoplasms
  A giant cockroach (D:4)
  6 goblins
  9 hobgoblins
  3 jackals (D:1)
  2 quokkas
  4 ball pythons
  2 frilled lizards
  2 kobolds
  4 rats
49 creatures vanquished.

Vanquished Creatures (others)
  A gnoll (D:3)
1 creature vanquished.

Grand Total: 50 creatures vanquished

Notes
Turn   | Place    | Note
-------+----------+-------------------------------------------
     0 | D:1      | ragingrage the Djinni Artificer began the quest for the
                  | Orb.
     0 | D:1      | Reached XP level 1. HP: 17/17 MP: 0/0
   110 | D:1      | Reached XP level 2. HP: 22/23 MP: 0/0
   185 | D:1      | Reached skill level 1 in Stealth
   738 | D:1      | Reached XP level 3. HP: 27/28 MP: 0/0
   738 | D:1      | Learned a level 1 spell: Slow
  1016 | D:2      | Reached skill level 1 in Staves
  1089 | D:2      | Found Mostiaq's Weapon Shoppe.
  1170 | D:2      | Noticed Sigmund
  1412 | D:3      | Noticed Pargi
  1674 | D:3      | Noticed Terence
  1783 | D:3      | Reached XP level 4. HP: 33/34 MP: 0/0
  2283 | D:4      | Reached XP level 5. HP: 40/40 MP: 0/0
  2283 | D:4      | Learned a level 2 spell: Searing Ray
  2762 | D:4      | Found an opulent altar of Gozag.
  2840 | D:4      | Found a staircase to the Ecumenical Temple.
  2883 | D:3      | Noticed Grinder
  2910 | Temple   | Entered the Ecumenical Temple
  2928 | Temple   | Became a worshipper of Ashenzari the Shackled
  3104 | D:4      | Noticed a phantom
  3121 | D:5      | Entered Level 5 of the Dungeon
  3127 | D:5      | Reached skill level 1 in Spellcasting
  3127 | D:5      | Reached skill level 1 in Conjurations
  3127 | D:5      | Reached skill level 1 in Hexes
  3127 | D:5      | Reached skill level 1 in Summonings
  3127 | D:5      | Reached skill level 1 in Necromancy
  3127 | D:5      | Reached skill level 1 in Translocations
  3127 | D:5      | Reached skill level 1 in Fire Magic
  3127 | D:5      | Reached skill level 1 in Ice Magic
  3127 | D:5      | Reached skill level 1 in Air Magic
  3127 | D:5      | Reached skill level 1 in Earth Magic
  3127 | D:5      | Reached skill level 1 in Alchemy
  3148 | D:5      | Noticed a black bear
  3174 | D:4      | Slain by a phantom

Illustrated notes

Levels and vault maps discovered:
D:1:      dpeg_arrival_refuge, layout_loops_corners
D:2:      layout_rooms, serial_shops, shop, corexii_corridor_pit,
          chequers_decorated_corner, nrook_mini_backslash, uniq_sigmund
D:3:      layout_basic, chequers_ecumenical_altar_grove, uniq_grinder,
          uniq_pargi, uniq_terence
D:4:      layout_basic, general_overflow_altar, minmay_temple_entry_butterflies
D:5:      layout_basic, uniq_edmund
Temple:   regret_index_temple_sigil_plot

Skill      XL: |  1  2  3  4  5 |
---------------+----------------+-----
Stealth        | 1 2 |  2.0
Fighting       | 2 3 |  3.0
Staves         | 1 2 |  2.4
Spellcasting   | 1 |  1.0
Conjurations   | 1 |  1.0
Hexes          | 1 |  1.0
Summonings     | 1 |  1.0
Necromancy     | 1 |  1.0
Translocations | 1 |  1.0
Fire Magic     | 1 |  1.0
Ice Magic      | 1 |  1.0
Air Magic      | 1 |  1.0
Earth Magic    | 1 |  1.0
Alchemy        | 1 |  1.0
Armour         | |  1.0
Dodging        | |  2.1
Evocations     | |  3.0

Action                     |  1- 3 |  4- 6 || total
---------------------------+-------+-------++-------
  Melee: Quarterstaff      |    79 |    58 ||   137
         Club              |     3 |       ||     3
  Throw: Dart              |     7 |     3 ||    10
  Evoke: Wand              |     2 |     6 ||     8
    Use: Potion            |     2 |       ||     2
         Scroll            |       |     2 ||     2
   Stab: Sleeping          |     2 |     3 ||     5
 Armour: Leather armour    |    53 |    48 ||   101
  Dodge: Dodged            |    47 |    34 ||    81

Table legend: (Time is in decaauts)
 A = Elapsed time spent in this place.
 B = Non-inter-level travel time spent in this place.
 C = Inter-level travel time spent in this place.
 D = Time resting spent in this place.
 E = Time spent auto-exploring this place.
 F = Levels seen in this place.
 G = Mean time per level.
                   A        B        C        D        E       F      G
               +--------+--------+--------+--------+--------+-----+--------+
         Total |   3199 |   2890 |    309 |    185 |   1982 |   6 |  533.2 |
       Dungeon |   3163 |   2890 |    273 |    185 |   1982 |   5 |  632.6 |
        Temple |     36 |      1 |     35 |      0 |      0 |   1 |   36.0 |
               +--------+--------+--------+--------+--------+-----+--------+

Top non-repeatable levels by time:
     D:1: 1112 daAuts
     D:4: 833 daAuts
     D:2: 689 daAuts
     D:3: 485 daAuts
     D:5: 42 daAuts
  Temple: 36 daAuts
